[Event "Batavia Grolsch 2012"]
[Site "Amsterdam"]
[Date "2012.02.24"]
[Round "1.1"]
[White "Ten Hertog, Hugo"]
[Black "Ernst, Sipke"]
[Result "1/2-1/2"]
[ECO "C58"]
[WhiteElo "2356"]
[BlackElo "2606"]
[PlyCount "72"]
[EventDate "2012.??.??"]
[TimeControl "6000+1930"]
[WhiteClock "0:01:18"]
[BlackClock "0:01:00"]

1. e4 e5 2. Nf3 Nc6 3. Bc4 Nf6 4. Ng5 d5 5. exd5 Na5 6. Bb5+ c6 7. dxc6 bxc6 8.
Bd3 Nd5 9. h4 Nf4 10. Bf1 h6 11. Ne4 Ne6 12. a3 Be7 13. b4 Nb7 14. Bb2 O-O 15.
Bc4 f5 16. Bxe5 Kh7 17. Ng3 Bf6 18. Bxf6 Qxf6 19. Nc3 Nd4 20. Nge2 a5 21. Bd3
c5 22. Nxd4 cxd4 23. Ne2 Nd6 24. c4 Bb7 25. f3 Nf7 26. b5 Ne5 27. Qc2 Rae8 28.
O-O Qxh4 29. c5 Nxf3+ 30. Rxf3 Bxf3 31. gxf3 Rxe2 32. Bxe2 Qg3+ 33. Kf1 Qh3+
34. Kg1 Qg3+ 35. Kf1 Qh3+ 36. Kg1 Qg3+ 1/2-1/2

[Event "Batavia Grolsch 2012"]
[Site "Amsterdam"]
[Date "2012.02.24"]
[Round "1.2"]
[White "Klein, David"]
[Black "Bosboom, Manuel"]
[Result "1-0"]
[ECO "B12"]
[WhiteElo "2391"]
[BlackElo "2394"]
[PlyCount "103"]
[EventDate "2012.??.??"]
[TimeControl "6000+1045"]
[WhiteClock "0:37:17"]
[BlackClock "0:18:14"]

1. e4 c6 2. d4 g6 3. Nc3 Bg7 4. Nf3 b5 5. Bd3 d6 6. h3 Nd7 7. O-O Bb7 8. Bg5 h6
9. Bh4 Qb6 10. a4 a6 11. axb5 cxb5 12. Re1 e6 13. e5 d5 14. Ne2 Ne7 15. Qd2 Bf8
16. c3 Nc6 17. b4 g5 18. Bg3 Be7 19. Bh2 a5 20. bxa5 Nxa5 21. Ng3 Nc4 22. Rxa8+
Bxa8 23. Qa2 Bc6 24. Nh5 Kd8 25. Nf6 Kc7 26. Bxc4 bxc4 27. Rb1 Ra8 28. Ne8+ Kd8
29. Qc2 Kxe8 30. Rxb6 Nxb6 31. Bg3 Ra3 32. h4 Na4 33. hxg5 hxg5 34. Qh7 Nxc3
35. Nxg5 Bxg5 36. Qg8+ Kd7 37. Qxf7+ Kc8 38. Qf8+ Kb7 39. Qxa3 Nb5 40. Qf8 Bd2
41. Qe7+ Kb6 42. Qc5+ Kb7 43. Bh4 Ba5 44. Bg5 Bb6 45. Qe7+ Nc7 46. Be3 Ba4 47.
g4 Bc2 48. g5 Be4 49. Qf7 c3 50. g6 c2 51. g7 Bxd4 52. Bc1 1-0

[Event "Batavia Grolsch 2012"]
[Site "Amsterdam"]
[Date "2012.02.24"]
[Round "1.3"]
[White "Hebden, Mark"]
[Black "Vedder, Richard"]
[Result "1-0"]
[ECO "D30"]
[WhiteElo "2516"]
[BlackElo "2293"]
[PlyCount "123"]
[EventDate "2012.??.??"]
[TimeControl "6000+790"]
[WhiteClock "0:42:00"]
[BlackClock "0:17:24"]

1. d4 d5 2. Nf3 Nf6 3. c4 e6 4. Bg5 Nbd7 5. e3 c6 6. Nbd2 Qa5 7. a3 Ne4 8. b4
Qc7 9. Nxe4 dxe4 10. Nd2 f5 11. f3 exf3 12. Qxf3 Be7 13. Bxe7 Kxe7 14. Bd3 Rf8
15. O-O a5 16. c5 axb4 17. Nc4 b5 18. cxb6 Nxb6 19. axb4 Rxa1 20. Rxa1 Nxc4 21.
Bxc4 Rf6 22. Qf2 Qb6 23. Qd2 Rf8 24. Qc3 f4 25. Ra5 fxe3 26. h3 Rf6 27. Be2 Bd7
28. Ra6 Qb8 29. Qxe3 Qxb4 30. Bd3 h6 31. Be4 Kf7 32. Ra7 Qd6 33. Bd3 Ke7 34.
Be4 e5 35. dxe5 Qxe5 36. Ra4 c5 37. Rc4 Re6 38. Qa3 Qd6 39. Qa1 Re5 40. Bf3 Qe6
41. Rc1 Qf6 42. Qa7 Qh4 43. Bg4 Re1+ 44. Kh2 Rxc1 45. Qxd7+ Kf8 46. Qd6+ Kg8
47. Be6+ Kh7 48. Bf5+ Kg8 49. Bg6 Qf6 50. Qb8+ Qf8 51. Bh7+ Kf7 52. Qf4+ Ke7
53. Qxc1 Qb8+ 54. Kh1 Qe5 55. Bg8 Kd6 56. Bc4 Qd4 57. Qf1 Ke5 58. Qf7 Ke4 59.
Qe6+ Kf4 60. Qg4+ Ke3 61. Qe2+ Kf4 62. Kh2 1-0

[Event "Batavia Grolsch 2012"]
[Site "Amsterdam"]
[Date "2012.02.24"]
[Round "1.4"]
[White "Arkell, Keith"]
[Black "Van Kampen, Robin"]
[Result "1/2-1/2"]
[ECO "D43"]
[WhiteElo "2429"]
[BlackElo "2566"]
[PlyCount "205"]
[EventDate "2012.??.??"]
[TimeControl "6000+1885"]
[WhiteClock "0:08:05"]
[BlackClock "0:02:28"]

1. Nf3 d5 2. d4 Nf6 3. c4 c6 4. Nc3 e6 5. cxd5 exd5 6. Bg5 Bf5 7. e3 Be7 8.
Bxf6 Bxf6 9. Bd3 Bxd3 10. Qxd3 Nd7 11. b4 O-O 12. O-O a6 13. a4 Be7 14. b5 Qa5
15. Rab1 Rfc8 16. Rfc1 Bb4 17. bxc6 Rxc6 18. Qf5 Nf6 19. Na2 Rxc1+ 20. Rxc1 Bf8
21. Qc2 b5 22. Ne5 Ba3 23. Rb1 Qxa4 24. Qxa4 bxa4 25. Nc3 Bd6 26. Nxa4 Bxe5 27.
dxe5 Ng4 28. Rd1 Rc8 29. h3 Nxe5 30. Rxd5 f6 31. f4 Rc1+ 32. Kf2 Rc2+ 33. Kg3
Nc4 34. Kf3 Kf7 35. Rd7+ Kg6 36. e4 Nd2+ 37. Ke3 Nf1+ 38. Kf3 Nh2+ 39. Kg3 Nf1+
40. Kf3 Nd2+ 41. Ke3 Nc4+ 42. Kf3 h5 43. h4 Nd2+ 44. Ke3 Nf1+ 45. Kf3 Nh2+ 46.
Kg3 Ng4 47. Rd3 a5 48. Nb6 Re2 49. Kf3 Rf2+ 50. Kg3 Re2 51. Kf3 Ra2 52. Nc4 a4
53. Rc3 Rf2+ 54. Kg3 Re2 55. Kf3 Re1 56. e5 Rf1+ 57. Kg3 Rb1 58. e6 Re1 59. Nb6
Rxe6 60. Nxa4 Ne3 61. Kf3 Nf5 62. g3 Nd4+ 63. Kg2 Re2+ 64. Kf1 Ra2 65. Nc5 Kf5
66. Nb3 Nxb3 67. Rxb3 Kg4 68. Rb7 Kxg3 69. Rxg7+ Kxf4 70. Rg6 Ra6 71. Kg2 Kf5
72. Rg8 Ra4 73. Kh3 Ra3+ 74. Kg2 Re3 75. Rg7 Re8 76. Kf3 Re4 77. Kg3 Re1 78.
Kg2 Rb1 79. Rg8 Ra1 80. Rg7 Ra5 81. Kg3 Ke4 82. Re7+ Re5 83. Ra7 Rb5 84. Re7+
Kf5 85. Rg7 Rb3+ 86. Kg2 Kf4 87. Rg6 Rb6 88. Kh3 Ke4 89. Rh6 Rb3+ 90. Kg2 Rb2+
91. Kg3 f5 92. Re6+ Kd5 93. Re8 Rb4 94. Rh8 Ke4 95. Re8+ Kd3 96. Re5 Rg4+ 97.
Kf3 Rxh4 98. Rxf5 Rh1 99. Kg2 Rh4 100. Kf3 Rh1 101. Kg2 Rh4 102. Kf3 Rh1 103.
Kg2 1/2-1/2

[Event "Batavia Grolsch 2012"]
[Site "Amsterdam"]
[Date "2012.02.24"]
[Round "1.5"]
[White "Vandenbussche, Thibaut"]
[Black "Illner, Achim"]
[Result "0-1"]
[ECO "B30"]
[WhiteElo "2359"]
[BlackElo "2375"]
[PlyCount "122"]
[EventDate "2012.??.??"]
[TimeControl "6000+1330"]
[WhiteClock "0:01:29"]
[BlackClock "0:07:41"]

1. e4 c5 2. Nf3 Nc6 3. Bb5 Nf6 4. e5 Nd5 5. Nc3 Nc7 6. O-O g6 7. Bxc6 dxc6 8.
Ne4 b6 9. Re1 Bg7 10. Nf6+ Kf8 11. Ne4 Bg4 12. h3 Bxf3 13. Qxf3 Qd5 14. d3 Ne6
15. Bd2 Rd8 16. Bc3 h5 17. a4 h4 18. a5 b5 19. b3 Rh5 20. Qg4 b4 21. Bb2 Bxe5
22. Bxe5 Rxe5 23. Qxh4 Rh5 24. Qg3 Qe5 25. Qxe5 Rxe5 26. Nd2 Rxe1+ 27. Rxe1 Nd4
28. Nf3 Nxf3+ 29. gxf3 Rd5 30. Re4 e6 31. Rh4 Ke7 32. Kg2 Kd6 33. Rh7 Rg5+ 34.
Kf1 Ke7 35. Rh8 c4 36. dxc4 Rxa5 37. Rb8 c5 38. Rb7+ Kf6 39. Ke2 g5 40. Rc7 Kg6
41. Ke3 f6 42. f4 gxf4+ 43. Kxf4 Ra2 44. Rxc5 Rxc2 45. f3 Rc3 46. Ra5 Rxb3 47.
Rxa7 Rc3 48. Rc7 b3 49. Kg3 e5 50. Kf2 Kg5 51. Rg7+ Kf5 52. c5 Rxc5 53. Rb7 Rc3
54. Rb4 Kg5 55. Rg4+ Kh5 56. Rb4 f5 57. Rb5 Kg5 58. h4+ Kf4 59. Rb4+ e4 60.
fxe4 Rc2+ 61. Ke1 b2 0-1

[Event "Batavia Grolsch 2012"]
[Site "Amsterdam"]
[Date "2012.02.25"]
[Round "2.1"]
[White "Van Kampen, Robin"]
[Black "Vandenbussche, Thibaut"]
[Result "1/2-1/2"]
[ECO "C41"]
[WhiteElo "2566"]
[BlackElo "2359"]
[PlyCount "57"]
[EventDate "2012.??.??"]
[TimeControl "6000+1540"]
[WhiteClock "0:06:14"]
[BlackClock "0:16:43"]

1. e4 d6 2. d4 Nf6 3. Nc3 e5 4. Nf3 Nbd7 5. Bc4 Be7 6. O-O O-O 7. a4 a6 8. Qe2
exd4 9. Nxd4 Ne5 10. Ba2 c5 11. Nf5 Bxf5 12. exf5 Qd7 13. Nd5 Rae8 14. Ne3 Bd8
15. Rd1 b5 16. Qd2 c4 17. Qxd6 Qb7 18. axb5 axb5 19. Bb1 Bc7 20. Qc5 Nf3+ 21.
gxf3 Bb6 22. Qxb5 Qxf3 23. Qxb6 Ng4 24. Rf1 Qf4 25. Nxg4 Qxg4+ 26. Kh1 Qf3+ 27.
Kg1 Qg4+ 28. Kh1 Qf3+ 29. Kg1 1/2-1/2

[Event "Batavia Grolsch 2012"]
[Site "Amsterdam"]
[Date "2012.02.25"]
[Round "2.2"]
[White "Ten Hertog, Hugo"]
[Black "Klein, David"]
[Result "1/2-1/2"]
[ECO "C45"]
[WhiteElo "2356"]
[BlackElo "2391"]
[PlyCount "50"]
[EventDate "2012.??.??"]
[TimeControl "6000+1710"]
[WhiteClock "0:08:07"]
[BlackClock "0:46:55"]

1. e4 e5 2. Nf3 Nc6 3. d4 exd4 4. Nxd4 Nf6 5. Nxc6 bxc6 6. e5 Qe7 7. Qe2 Nd5 8.
Nd2 g6 9. c4 Nf4 10. Qe3 Bh6 11. Kd1 d6 12. exd6 Qxe3 13. fxe3 Ne6 14. dxc7
Bxe3 15. Ne4 Bxc1 16. Rxc1 Kd7 17. c5 Kxc7 18. Bc4 Rd8+ 19. Kc2 Rd4 20. Bxe6
Bxe6 21. Nd6 Rd5 22. Kb1 Rd2 23. Rhf1 Rxg2 24. Rce1 Kd7 25. Rf6 Rb8 1/2-1/2

[Event "Batavia Grolsch 2012"]
[Site "Amsterdam"]
[Date "2012.02.25"]
[Round "2.3"]
[White "Bosboom, Manuel"]
[Black "Hebden, Mark"]
[Result "0-1"]
[ECO "A15"]
[WhiteElo "2394"]
[BlackElo "2516"]
[PlyCount "84"]
[EventDate "2012.??.??"]
[TimeControl "6000+820"]
[WhiteClock "0:26:00"]
[BlackClock "0:41:26"]

1. c4 Nf6 2. e3 g6 3. b3 Bg7 4. Bb2 O-O 5. Qc2 c5 6. Nf3 Nc6 7. a3 d6 8. d3 e5
9. h3 Rb8 10. Nbd2 Ne8 11. g4 Nc7 12. Be2 b5 13. Rb1 a5 14. cxb5 Nxb5 15. g5
Qe7 16. h4 Be6 17. h5 Nc7 18. h6 Bh8 19. Rh4 Nd5 20. Ne4 f5 21. gxf6 Nxf6 22.
Ned2 Ng4 23. Rh1 Bf6 24. Ba1 d5 25. Rc1 Rbc8 26. Qb1 Rf7 27. Rc2 d4 28. exd4
exd4 29. Ne4 Bd5 30. Rg1 Nce5 31. Nxe5 Nxe5 32. Bxd4 Nxd3+ 33. Bxd3 Bxd4 34.
Re2 Qh4 35. Qc2 Rcf8 36. Rf1 Qxh6 37. Bc4 Qh5 38. b4 axb4 39. axb4 Ra8 40. bxc5
Ra1+ 41. Kd2 Rxf1 42. c6 Rf3 0-1

[Event "Batavia Grolsch 2012"]
[Site "Amsterdam"]
[Date "2012.02.25"]
[Round "2.4"]
[White "Vedder, Richard"]
[Black "Arkell, Keith"]
[Result "1/2-1/2"]
[ECO "B12"]
[WhiteElo "2293"]
[BlackElo "2429"]
[PlyCount "158"]
[EventDate "2012.??.??"]
[TimeControl "6000+960"]
[WhiteClock "0:08:56"]
[BlackClock "0:02:46"]

1. e4 c6 2. d4 d5 3. e5 c5 4. c4 e6 5. Nf3 cxd4 6. Nxd4 Nc6 7. Nc3 Bc5 8. Nxc6
bxc6 9. Qg4 Bf8 10. cxd5 cxd5 11. Bd3 Ne7 12. Bg5 a6 13. O-O Qc7 14. Bxe7 Qxe7
15. Rac1 Bd7 16. Rc2 g6 17. Qe2 Bg7 18. Bxa6 O-O 19. a3 Rfb8 20. Bd3 Rb3 21. f4
Qd8 22. Nd1 Qb6+ 23. Kh1 Rb8 24. Rf3 Bf8 25. Rd2 Qa5 26. Rg3 Bh6 27. Rf3 Rc8
28. h3 Rc1 29. Kh2 Ra1 30. Rc2 Qb6 31. Nf2 Qd4 32. g3 Qb6 33. Nd1 Bc6 34. g4
Bf8 35. f5 Bd7 36. fxe6 Bxe6 37. Rf1 Qd4 38. Rf3 Bg7 39. Re3 Bh6 40. Rf3 Bf4+
41. Kg2 Qxe5 42. Qxe5 Bxe5 43. Be2 Rb8 44. Rd3 d4 45. Bf3 Bb3 46. Rc5 Bf6 47.
Nf2 Ra2 48. Rd2 Be7 49. Ra5 Be6 50. Nd3 Rb3 51. Bd5 Rbxa3 52. Bxa2 Rxa5 53.
Bxe6 fxe6 54. Kf3 Ra1 55. Re2 Kf7 56. Ne5+ Kg7 57. Nc6 Bc5 58. b4 Bb6 59. Rxe6
Ra3+ 60. Kg2 d3 61. Rd6 Be3 62. Ne5 d2 63. Nc4 Ra2 64. Kf3 Bg5 65. h4 Bxh4 66.
Rxd2 Ra4 67. Rd7+ Kh6 68. Ne5 Rxb4 69. Nf7+ Kg7 70. Ng5+ Kf6 71. Nxh7+ Ke5 72.
g5 Rb3+ 73. Kg4 Rb4+ 74. Kf3 Rf4+ 75. Ke2 Rf2+ 76. Ke3 Ra2 77. Kf3 Rf2+ 78. Ke3
Rh2 79. Kf3 Rf2+ 1/2-1/2

[Event "Batavia Grolsch 2012"]
[Site "Amsterdam"]
[Date "2012.02.25"]
[Round "2.5"]
[White "Ernst, Sipke"]
[Black "Illner, Achim"]
[Result "1-0"]
[ECO "D30"]
[WhiteElo "2606"]
[BlackElo "2375"]
[PlyCount "161"]
[EventDate "2012.??.??"]
[TimeControl "6000+1110"]
[WhiteClock "0:09:52"]
[BlackClock "0:01:32"]

1. d4 d5 2. c4 e6 3. Nf3 Nf6 4. g3 Bb4+ 5. Nbd2 dxc4 6. Bg2 b5 7. a4 c6 8. O-O
Bb7 9. Qc2 O-O 10. Rd1 Nbd7 11. b3 c3 12. Nb1 Qa5 13. Ne1 Nd5 14. Nd3 c5 15. e4
N5f6 16. dxc5 Nxc5 17. Nxb4 Qxb4 18. Nxc3 Nxb3 19. Qb2 a5 20. Ra3 Nxc1 21. Qxc1
Rfc8 22. Qa1 bxa4 23. Rb1 Qe7 24. Nxa4 Rc7 25. Nc3 Rc5 26. e5 Nd5 27. Ne4 Rc7
28. Rxa5 Rxa5 29. Qxa5 h6 30. Nd6 Kh7 31. h4 f6 32. Kh2 Bc6 33. Rb8 fxe5 34.
Be4+ g6 35. Nc4 Nf6 36. Bxc6 Rxc6 37. Nxe5 Rc5 38. Qb4 Rc7 39. Qb1 Qg7 40. h5
Nxh5 41. Nxg6 Qxg6 42. Rh8+ Kg7 43. Rg8+ Kxg8 44. Qxg6+ Ng7 45. Qxh6 Rf7 46.
Kg2 Kf8 47. f4 Ke7 48. Qg5+ Ke8 49. Qe5 Kf8 50. g4 Rd7 51. Kg3 Rd5 52. Qf6+ Kg8
53. Kh4 Kh7 54. Qa1 Kg6 55. Qa8 Rd4 56. Kg3 Rd5 57. Kf3 Kf7 58. Ke4 Rd7 59. Qc6
Ke7 60. Qc8 Ne8 61. Ke3 Nf6 62. g5 Nd5+ 63. Kf3 Rc7 64. Qg8 Rc4 65. Qh7+ Ke8
66. Qh8+ Kf7 67. Qh7+ Ke8 68. Qh8+ Kf7 69. Kg4 Rxf4+ 70. Kh5 Ke7 71. Kg6 Kd7
72. Qb8 Ne7+ 73. Kg7 Rf5 74. g6 Rg5 75. Qb7+ Ke8 76. Qa8+ Kd7 77. Qa4+ Kd8 78.
Kf6 Rxg6+ 79. Kf7 Rh6 80. Qa5+ Kd7 81. Qd2+ 1-0

[Event "Batavia Grolsch 2012"]
[Site "Amsterdam"]
[Date "2012.02.26"]
[Round "3.1"]
[White "Arkell, Keith"]
[Black "Bosboom, Manuel"]
[Result "1/2-1/2"]
[ECO "A48"]
[WhiteElo "2429"]
[BlackElo "2394"]
[PlyCount "61"]
[EventDate "2012.??.??"]
[TimeControl "6000+1725"]
[WhiteClock "0:17:00"]
[BlackClock "0:05:41"]

1. d4 Nf6 2. Nf3 g6 3. b4 Bg7 4. Bb2 d5 5. Nbd2 a5 6. b5 a4 7. Rb1 c6 8. e3 O-O
9. Bd3 Nbd7 10. Ba3 Re8 11. O-O e5 12. Nxe5 Nxe5 13. dxe5 Ng4 14. Nf3 Nxe5 15.
bxc6 bxc6 16. Nxe5 Bxe5 17. Bb2 Bxb2 18. Rxb2 a3 19. Rb1 Be6 20. c3 Qf6 21. Qc2
Reb8 22. h3 c5 23. Qd2 d4 24. exd4 cxd4 25. c4 Qe5 26. Rb4 Rxb4 27. Qxb4 Bf5
28. Bxf5 Qxf5 29. Rd1 Qe5 30. Qd2 Rb8 31. Qxd4 1/2-1/2

[Event "Batavia Grolsch 2012"]
[Site "Amsterdam"]
[Date "2012.02.26"]
[Round "3.2"]
[White "Hebden, Mark"]
[Black "Ten Hertog, Hugo"]
[Result "1/2-1/2"]
[ECO "D43"]
[WhiteElo "2516"]
[BlackElo "2356"]
[PlyCount "125"]
[EventDate "2012.??.??"]
[TimeControl "6000+1360"]
[WhiteClock "1:02:52"]
[BlackClock "0:04:08"]

1. d4 d5 2. Nf3 Nf6 3. c4 e6 4. Bg5 h6 5. Bxf6 Qxf6 6. Nc3 c6 7. Qb3 dxc4 8.
Qxc4 Nd7 9. Rd1 Qe7 10. e4 g6 11. e5 Nb6 12. Qb3 Nd5 13. Bd3 Bg7 14. O-O O-O
15. Ne4 b6 16. Rfe1 Bb7 17. Nd6 Rad8 18. Nxb7 Qxb7 19. Be4 Rd7 20. h4 h5 21.
Ng5 Ne7 22. Qf3 Bh6 23. Qf4 Qc7 24. g3 f5 25. Bc2 Nd5 26. Qc1 Bxg5 27. Qxg5 Kg7
28. Bb3 Qd8 29. Qxd8 Rfxd8 30. Rc1 Ne7 31. Bxe6 Rxd4 32. Bb3 f4 33. Red1 Rxd1+
34. Rxd1 Rxd1+ 35. Bxd1 fxg3 36. fxg3 c5 37. Ba4 a6 38. Bd7 Nd5 39. Kf2 Nb4 40.
Ke3 Nxa2 41. Bc8 Nb4 42. Bb7 Kf7 43. Be4 c4 44. Kd4 Ke6 45. Kxc4 Kxe5 46. Bxg6
Nd5 47. Bxh5 Ne3+ 48. Kb4 Nf5 49. Bg4 Nxg3 50. Bc8 a5+ 51. Kb5 Nf1 52. Bg4 Ne3
53. Be2 Nf5 54. Kxb6 Nxh4 55. Kxa5 Kd6 56. Kb6 Nf5 57. Bf3 Nd4 58. Be4 Ke5 59.
Bc6 Kd6 60. Ba4 Ne6 61. b4 Nf4 62. Ka7 Nd5 63. b5 1/2-1/2

[Event "Batavia Grolsch 2012"]
[Site "Amsterdam"]
[Date "2012.02.26"]
[Round "3.3"]
[White "Vandenbussche, Thibaut"]
[Black "Vedder, Richard"]
[Result "1/2-1/2"]
[ECO "C48"]
[WhiteElo "2359"]
[BlackElo "2293"]
[PlyCount "127"]
[EventDate "2012.??.??"]
[TimeControl "6000+835"]
[WhiteClock "0:04:24"]
[BlackClock "0:39:49"]

1. e4 e5 2. Nf3 Nc6 3. Nc3 Nf6 4. Bb5 Bd6 5. d3 h6 6. O-O O-O 7. a3 Re8 8. Be3
Bf8 9. Nd5 d6 10. h3 Bd7 11. Nxf6+ Qxf6 12. Nh2 a6 13. Ba4 b5 14. Bb3 Be6 15.
c3 Bxb3 16. Qxb3 Qe6 17. Qxe6 Rxe6 18. b4 Ree8 19. a4 Ne7 20. f4 exf4 21. Bxf4
Ng6 22. Bg3 Ne5 23. Bxe5 dxe5 24. Ng4 f6 25. Ne3 c6 26. Kf2 h5 27. Ke2 Kf7 28.
g3 Be7 29. Kd2 g6 30. Kc2 Ke6 31. Ra2 Rf8 32. Rfa1 Rac8 33. axb5 axb5 34. Ra7
f5 35. R1a6 fxe4 36. dxe4 Rf3 37. Nd5 Bd6 38. Nb6 Rc7 39. Rxc7 Bxc7 40. Na8 Bd6
41. Rxc6 Kd7 42. Ra6 Rxg3 43. Nb6+ Kc7 44. Nd5+ Kd7 45. h4 Rh3 46. Rb6 Rxh4 47.
Rxb5 Rh2+ 48. Kd3 h4 49. c4 h3 50. c5 Bf8 51. Rb7+ Ke6 52. Rb6+ Kf7 53. Rf6+
Kg7 54. c6 Bxb4 55. c7 Rd2+ 56. Kc4 Rc2+ 57. Kxb4 Rxc7 58. Rf3 h2 59. Rf1 Rc2
60. Rh1 g5 61. Ne3 Re2 62. Nf1 Rxe4+ 63. Kc3 Rh4 64. Rxh2 1/2-1/2

[Event "Batavia Grolsch 2012"]
[Site "Amsterdam"]
[Date "2012.02.26"]
[Round "3.4"]
[White "Klein, David"]
[Black "Ernst, Sipke"]
[Result "0-1"]
[ECO "C97"]
[WhiteElo "2391"]
[BlackElo "2606"]
[PlyCount "72"]
[EventDate "2012.??.??"]
[TimeControl "6000+850"]
[WhiteClock "0:39:54"]
[BlackClock "0:53:50"]

1. e4 e5 2. Nf3 Nc6 3. Bb5 a6 4. Ba4 Nf6 5. O-O Be7 6. Re1 b5 7. Bb3 d6 8. c3
O-O 9. h3 Na5 10. Bc2 c5 11. d4 Qc7 12. Nbd2 Be6 13. d5 Bd7 14. Nf1 Nc4 15.
N3h2 Rfc8 16. Ng3 Ne8 17. Ng4 Qd8 18. Nf5 Bg5 19. b3 Nb6 20. Bxg5 Qxg5 21. h4
Qd8 22. g3 h5 23. Nh2 Bxf5 24. exf5 Nf6 25. Be4 c4 26. b4 a5 27. bxa5 Na4 28.
Qd2 Qxa5 29. Bf3 Qxc3 30. Qg5 Nc5 31. Bxh5 Nce4 32. Qe3 Qxe3 33. Rxe3 Nc5 34.
Bf3 Nb3 35. Rb1 Rxa2 36. g4 Nd4 0-1

[Event "Batavia Grolsch 2012"]
[Site "Amsterdam"]
[Date "2012.02.27"]
[Round "4.1"]
[White "Bosboom, Manuel"]
[Black "Vandenbussche, Thibaut"]
[Result "0-1"]
[ECO "A04"]
[WhiteElo "2394"]
[BlackElo "2359"]
[PlyCount "88"]
[EventDate "2012.??.??"]
[TimeControl "6000+1245"]
[WhiteClock "0:32:26"]
[BlackClock "0:30:08"]

1. Nf3 g6 2. e4 Bg7 3. d4 d6 4. Bc4 Nf6 5. Qe2 Nc6 6. h3 O-O 7. O-O Nd7 8. Rd1
e5 9. c3 Kh8 10. a4 Qe8 11. Na3 a6 12. Nc2 f5 13. exf5 gxf5 14. dxe5 dxe5 15.
Ng5 Nf6 16. b4 h6 17. Nf7+ Rxf7 18. Bxf7 Qxf7 19. b5 axb5 20. axb5 Rxa1 21.
Nxa1 Ne7 22. Qxe5 Nfd5 23. Qg3 f4 24. Qf3 Nxc3 25. Re1 Ncd5 26. Nb3 b6 27. Nd2
Ng6 28. Qe4 Bd7 29. Nf3 Bxb5 30. h4 Nf6 31. Qa8+ Kh7 32. Bb2 Bc4 33. Bxf6 Bd5
34. Qc8 Qxf6 35. Qg4 Bxf3 36. Qxf3 Nxh4 37. Qg4 Qg5 38. Qxg5 hxg5 39. Re7 c5
40. Rb7 Kg6 41. Rxb6+ Kf5 42. g3 Nf3+ 43. Kg2 Nd2 44. gxf4 gxf4 0-1

[Event "Batavia Grolsch 2012"]
[Site "Amsterdam"]
[Date "2012.02.27"]
[Round "4.2"]
[White "Klein, David"]
[Black "Hebden, Mark"]
[Result "1/2-1/2"]
[ECO "C88"]
[WhiteElo "2391"]
[BlackElo "2516"]
[PlyCount "157"]
[EventDate "2012.??.??"]
[TimeControl "6000+1150"]
[WhiteClock "0:02:05"]
[BlackClock "0:06:29"]

1. e4 e5 2. Nf3 Nc6 3. Bb5 a6 4. Ba4 Nf6 5. O-O Be7 6. Re1 b5 7. Bb3 O-O 8. h3
Bb7 9. d3 d6 10. a3 Na7 11. Nbd2 c5 12. Nf1 h6 13. Ne3 Re8 14. Ba2 Bf8 15. Nh2
Nc6 16. c3 Nb8 17. Nhg4 Nbd7 18. Qf3 g6 19. Nf1 h5 20. Nh6+ Bxh6 21. Bxh6 Nf8
22. Bg5 N8h7 23. Bh4 d5 24. Rad1 Qd6 25. Qg3 Kh8 26. Nd2 Nd7 27. Nf3 Rg8 28.
Ng5 Nxg5 29. Bxg5 f6 30. Bc1 Rg7 31. d4 c4 32. exd5 Re8 33. Bb1 Nb6 34. Bh6
Rgg8 35. dxe5 fxe5 36. Be3 Nd7 37. Qg5 Qe7 38. d6 Qxg5 39. Bxg5 Kg7 40. f4 Bc6
41. fxe5 Rxe5 42. Rxe5 Nxe5 43. d7 Bxd7 44. Rd6 Re8 45. Bf6+ Kf8 46. Kh2 Bf5
47. Bxf5 gxf5 48. Rxa6 Nd3 49. Bg5 Kg7 50. Kg3 Re2 51. Kh4 Rxg2 52. Kxh5 f4 53.
Rg6+ Kf7 54. Rf6+ Ke8 55. h4 Rxb2 56. Kg6 Kd7 57. h5 Rh2 58. h6 f3 59. h7 f2
60. Kg7 Nc5 61. Rxf2 Ne6+ 62. Kg6 Rxf2 63. h8=Q Nf8+ 64. Kg7 Ne6+ 65. Kh7 Nxg5+
66. Kg6 Ne6 67. Qb8 Rg2+ 68. Kf6 Rf2+ 69. Ke5 Re2+ 70. Kf5 Rf2+ 71. Ke4 Nc7 72.
Qa7 Re2+ 73. Kf3 Re6 74. Qc5 Ra6 75. Kg4 Ra8 76. Kf5 Ra6 77. Qf8 Ra8 78. Qb4
Kc6 79. Qe7 1/2-1/2

[Event "Batavia Grolsch 2012"]
[Site "Amsterdam"]
[Date "2012.02.27"]
[Round "4.3"]
[White "Vedder, Richard"]
[Black "Illner, Achim"]
[Result "0-1"]
[ECO "C11"]
[WhiteElo "2293"]
[BlackElo "2375"]
[PlyCount "80"]
[EventDate "2012.??.??"]
[TimeControl "6000+1115"]
[WhiteClock "0:49:45"]
[BlackClock "0:41:09"]

1. e4 e6 2. Nf3 d5 3. Nc3 Nf6 4. e5 Nfd7 5. d4 c5 6. dxc5 Nc6 7. Bf4 Bxc5 8.
Bd3 f6 9. exf6 Nxf6 10. Qe2 O-O 11. O-O-O Bd7 12. Ne5 Nxe5 13. Bxe5 Qb6 14. f4
a6 15. g4 Be3+ 16. Kb1 d4 17. g5 dxc3 18. b3 Bxf4 19. gxf6 Bxe5 20. Qh5 h6 21.
Qxe5 Rxf6 22. Qe4 Rf5 23. Bc4 Qc5 24. Rxd7 Qa3 25. Rxg7+ Kxg7 26. Rg1+ Kf8 27.
Rg8+ Kxg8 28. Bxe6+ Kg7 29. Qxb7+ Kf8 30. Qxa8+ Ke7 31. Qb7+ Kxe6 32. Qc8+ Ke7
33. Qc7+ Ke8 34. Qc8+ Ke7 35. Qc7+ Kf8 36. Qc8+ Kg7 37. Qxc3+ Rf6 38. Qc7+ Kh8
39. Qd8+ Qf8 40. Qd4 Qg7 0-1

[Event "Batavia Grolsch 2012"]
[Site "Amsterdam"]
[Date "2012.02.27"]
[Round "4.4"]
[White "Ten Hertog, Hugo"]
[Black "Arkell, Keith"]
[Result "1-0"]
[ECO "B06"]
[WhiteElo "2356"]
[BlackElo "2429"]
[PlyCount "75"]
[EventDate "2012.??.??"]
[TimeControl "6000+680"]
[WhiteClock "0:02:11"]
[BlackClock "0:13:39"]

1. e4 g6 2. d4 Bg7 3. Nc3 c6 4. Nf3 d5 5. h3 dxe4 6. Nxe4 Nd7 7. Bd3 Ngf6 8.
Nxf6+ Nxf6 9. O-O O-O 10. Re1 Qc7 11. b3 b6 12. Ne5 Rd8 13. Bc4 Nd5 14. Qf3 Be6
15. Bb2 b5 16. Bd3 b4 17. h4 Qd6 18. h5 a5 19. hxg6 hxg6 20. Re2 Bf6 21. Rae1
Bd7 22. Qg3 Be8 23. Re4 Bg7 24. Bc1 Nf6 25. Rh4 a4 26. Bg5 axb3 27. axb3 Ra5
28. Bc4 Rd5 29. Bxd5 cxd5 30. Qh2 Rc8 31. Bh6 Bb5 32. g4 Bxh6 33. Rxh6 Kg7 34.
Kg2 Rg8 35. Rh1 Kf8 36. Rh8 Qe6 37. Qh6+ Ke8 38. Qg7 1-0

[Event "Batavia Grolsch 2012"]
[Site "Amsterdam"]
[Date "2012.02.27"]
[Round "4.5"]
[White "Ernst, Sipke"]
[Black "Van Kampen, Robin"]
[Result "1/2-1/2"]
[ECO "A40"]
[WhiteElo "2606"]
[BlackElo "2566"]
[PlyCount "131"]
[EventDate "2012.??.??"]
[TimeControl "6000+835"]
[WhiteClock "0:06:34"]
[BlackClock "0:01:17"]

1. d4 Nf6 2. c4 e6 3. g3 d5 4. Nf3 Bb4+ 5. Nc3 dxc4 6. Bg2 O-O 7. a3 Bxc3+ 8.
bxc3 c5 9. O-O Qa5 10. Bg5 Nd5 11. Bd2 Nc6 12. Qc2 cxd4 13. cxd4 c3 14. Bc1 Bd7
15. Rb1 b6 16. e4 Nf6 17. Rd1 Rac8 18. Bf1 Ne7 19. Rb4 Bc6 20. Bd3 Qh5 21. Kg2
Ng6 22. Ng5 h6 23. Nf3 Nxe4 24. Bxe4 Nh4+ 25. Nxh4 Bxe4+ 26. Qxe4 Qxd1 27. Qf4
c2 28. Nf3 Rc3 29. Ne5 f6 30. Ng6 Re8 31. g4 Qd3 32. Qe3 Qxe3 33. fxe3 e5 34.
Kf2 Rd8 35. Ne7+ Kf7 36. Nf5 g6 37. Ng3 exd4 38. exd4 Rd7 39. Ne2 Rc8 40. Ke3
Re7+ 41. Kd3 g5 42. h3 Rce8 43. Nc3 Re1 44. Kxc2 Rh1 45. d5 Rxh3 46. Rc4 Re7
47. Ne4 Rd7 48. Bb2 Rxd5 49. Bxf6 Rd7 50. Bc3 Re3 51. Nd2 Ree7 52. Rc6 Re6 53.
Rc8 Re8 54. Rc6 Re6 55. Rc8 Re8 56. Rc4 Ree7 57. Bb4 Re2 58. Rc6 Re6 59. Rc8
Re8 60. Rc3 Rd4 61. Rc7+ Kg6 62. Rc6+ Kh7 63. Rc7+ Kg6 64. Rc6+ Kh7 65. Rc7+
Kg6 66. Rc6+ 1/2-1/2

[Event "Batavia Grolsch 2012"]
[Site "Amsterdam"]
[Date "2012.02.28"]
[Round "5"]
[White "Illner, Achim"]
[Black "Bosboom, Manuel"]
[Result "1-0"]
[ECO "E94"]
[WhiteElo "2375"]
[BlackElo "2394"]
[PlyCount "66"]
[EventDate "2012.??.??"]
[TimeControl "40/5400+30:1800+30"]

1. d4 Nf6 2. Nf3 g6 3. c4 Bg7 4. Nc3 O-O 5. e4 d6 6. Be2 Nbd7 7. O-O e5 8. Be3
exd4 9. Nxd4 c6 10. Qd2 Re8 11. f3 a5 12. Rad1 a4 13. Nc2 Re6 14. Rfe1 Qa5 15.
b4 axb3 16. axb3 Qc7 17. b4 Bf8 18. Ra1 Rxa1 19. Rxa1 Re8 20. Bd4 Nh5 21. f4
Ng7 22. Bf3 Nb6 23. Qd3 h5 24. g3 Bh3 25. Nd1 d5 26. cxd5 cxd5 27. Nf2 dxe4 28.
Nxe4 Nd7 29. Ne3 Bf5 30. Rd1 Bxe4 31. Bxe4 Nb6 32. Bf3 Bxb4 33. Qb5 Ne6 1-0

[Event "Batavia Grolsch 2012"]
[Site "Amsterdam"]
[Date "2012.02.28"]
[Round "5"]
[White "Hebden, Mark"]
[Black "Ernst, Sipke"]
[Result "1-0"]
[ECO "A44"]
[WhiteElo "2516"]
[BlackElo "2606"]
[PlyCount "87"]
[EventDate "2012.??.??"]
[TimeControl "40/5400+30:1800+30"]

1. d4 c5 2. d5 e5 3. e4 d6 4. Nc3 a6 5. a4 g6 6. Be2 Bg7 7. Nf3 f5 8. Nd2 Nf6
9. Nc4 O-O 10. a5 Nxe4 11. Nxe4 fxe4 12. Be3 Qc7 13. Nb6 Ra7 14. h4 Nd7 15.
Nxc8 Qxc8 16. Bg4 Rf5 17. h5 Nf6 18. hxg6 hxg6 19. b4 Ra8 20. bxc5 dxc5 21. c4
Qc7 22. Be2 Rf8 23. Qb1 Rf7 24. Ra3 Rf4 25. g3 Rf5 26. g4 Rf4 27. Bxf4 exf4 28.
g5 Nh7 29. Qxe4 Nxg5 30. Qe8+ Rf8 31. Qxg6 Qe5 32. Rg1 Re8 33. Qxe8+ Qxe8 34.
Rxg5 Qe4 35. Kf1 Qb1+ 36. Kg2 Qb2 37. Rf3 Qd2 38. Bd3 Kf7 39. d6 Bd4 40. Rd5
Ke8 41. Bf5 Kd8 42. Bg4 Ke8 43. d7+ Kd8 44. Rg5 1-0